 Dungeon Sprint DCSS version 0.20.1-1-g8b1a95d (webtiles) character file.

724 JustSomeDude the Unseen (level 7, -1/55 HPs)
             Began as a Vampire Assassin on Aug 26, 2017.
             Was a Follower of Dithmenos.
             Succumbed to an orange demon's poison
             ... in the Dungeon (Sprint I: "Red Sonja").
             The game lasted 00:01:49 (141 turns).

JustSomeDude the Unseen (Vampire Assassin)           Turns: 141, Time: 00:01:50

Health: -1/55      AC:  4    Str: 10    XL:     7   Next: 43%
Magic:  7/7        EV: 12    Int: 14    God:    Dithmenos [*.....]
Gold:   243        SH:  0    Dex: 17    Spells: 6/6 levels left

rFire    . . .     SeeInvis +   a - +2 dagger
rCold    . . .     Gourm    .   (no shield)
rNeg     + . .     Faith    .   n - +0 leather armour
rPois    .         Spirit   .   (no helmet)
rElec    .         Reflect  .   d - +0 cloak
rCorr    .         Harm     .   (no gloves)
MR       .....     NoTele   +   (no boots)
Stlth    +++++++++.             (no amulet)
Regen    0.2/turn               (no ring)
MPRegen  0.1/turn               (no ring)

@: lethally poisoned (-1 -> -42), wreathed by umbra
A: fangs 3, see invisible, unbreathing
a: Bat Form, Renounce Religion


You were in the Dungeon.
You worshipped Dithmenos.
Dithmenos was aware of your devotion.
You were not thirsty.

You visited 1 branch You collected 243 gold pieces.

Inventory:

Hand Weapons
 a - a +2 dagger (weapon)
 b - a +0 blowgun
Missiles
 e - 8 poisoned needles
 f - 2 curare-tipped needles
Armour
 c - a +0 robe
 d - a +0 cloak (worn)
 n - a +0 leather armour (worn)
Scrolls
 m - a scroll of blinking
Potions
 g - 3 potions of blood
 j - a potion of haste
 k - 2 potions of magic
 l - a potion of berserk rage


   Skills:
 + Level 4.5 Fighting
 + Level 5.7 Short Blades
 + Level 4.2 Throwing
 + Level 0.2 Armour
 + Level 1.8 Dodging
 + Level 20.0 Stealth


You had 6 spell levels left.
You didn't know any spells.

Dungeon Overview and Level Annotations

Branches:
Dungeon (1/1)

Altars:
Cheibriados
Dithmenos
Elyvilon
Fedhas
Gozag
Hepliaklqana
Kikubaaqudgha
Makhleb
Nemelex Xobeh
Okawaru
Qazlal
Ru
Sif Muna
Trog
Uskayaw
Vehumet
Xom
Yredelemnul
Zin
The Shining One
Jiyva
Lugonu

Shops:
D !


Innate Abilities, Weirdness & Mutations

You have razor-sharp teeth.
You have supernaturally acute eyesight. (SInv)
You can survive without breathing.


Message History

The kobold demonologist hits you with a dagger.
You barely miss the kobold demonologist.
The kobold demonologist is moderately wounded.
You feel sick. The orange demon stings you from afar.
You are lethally poisoned!
The orange demon poisons you! The orange demon barely misses you.
You closely miss the kobold demonologist.
The kobold demonologist is moderately wounded.
You feel sick. The white imp gestures at you. The puff of frost hits you!
* * * LOW HITPOINT WARNING * * *
The kobold demonologist barely misses you.
The orange demon stings you from afar.
* * * LOW HITPOINT WARNING * * *
The orange demon stings you from afar!
* * * LOW HITPOINT WARNING * * *
You miss the kobold demonologist.
The kobold demonologist is moderately wounded.
You die...

##########################
#<.#..'..#.)'.5#__#44'...#
#..'..#.)'..#445..5K5#...#
#..#####'#####K#5_####...+
#..####..# #@#### ####
#..#__#### ##5#
#..#_____##+#..+
#⌠⌠#_.∩...'..._#
####_..__##_.#+#
#_____###+# #######


You could see 2 orange demons, a kobold demonologist, an iron imp, a white imp
and a shadow imp.

Vanquished Creatures
  A slime creature (D)
  Sigmund (D)
  A yak (D)
  A floating eye (D)
  An ogre (D)
  A jelly (D)
  Ijyb (D)
7 creatures vanquished.

Vanquished Creatures (others)
  A gargoyle (D)
1 creature vanquished.

Grand Total: 8 creatures vanquished

Notes
Turn   | Place    | Note
-------+----------+-------------------------------------------
     0 | D        | JustSomeDude the Vampire Assassin began the quest for the Orb.
     0 | D        | Reached XP level 1. HP: 16/16 MP: 1/1
     1 | D        | Noticed Ijyb
     4 | D        | Killed Ijyb
     4 | D        | Reached skill level 9 in Stealth
     4 | D        | Reached XP level 2. HP: 22/22 MP: 2/2
     7 | D        | Noticed an ogre
    10 | D        | Killed an ogre
    10 | D        | Reached skill level 12 in Stealth
    10 | D        | Reached XP level 3. HP: 28/28 MP: 3/3
    10 | D        | Reached XP level 4. HP: 34/34 MP: 4/4
    31 | D        | Noticed Sigmund
    34 | D        | Killed Sigmund
    34 | D        | Reached skill level 16 in Stealth
    34 | D        | Reached XP level 5. HP: 41/41 MP: 5/5
    34 | D        | Reached XP level 6. HP: 47/47 MP: 6/6
    40 | D        | Found a deep blue altar of Sif Muna.
    42 | D        | Found a radiant altar of Vehumet.
    47 | D        | Found Iczuolun's Distillery.
    47 | D        | Found an ancient bone altar of Kikubaaqudgha.
    47 | D        | Found a hazy altar of Hepliaklqana.
    47 | D        | Found a stormy altar of Qazlal.
    47 | D        | Found a hide-covered altar of Uskayaw.
    47 | D        | Found a blossoming altar of Fedhas.
    47 | D        | Found a bloodstained altar of Trog.
    47 | D        | Found an iron altar of Okawaru.
    47 | D        | Found a basalt altar of Yredelemnul.
    47 | D        | Found a glowing golden altar of the Shining One.
    47 | D        | Found a snail-covered altar of Cheibriados.
    47 | D        | Found a sacrificial altar of Ru.
    47 | D        | Found a glowing silver altar of Zin.
    47 | D        | Found a shadowy altar of Dithmenos.
    47 | D        | Found a white marble altar of Elyvilon.
    47 | D        | Noticed a yak
    48 | D        | Found an opulent altar of Gozag.
    49 | D        | Killed a yak
    49 | D        | Reached skill level 5 in Short Blades
    49 | D        | Reached skill level 18 in Stealth
    50 | D        | Found a sparkling altar of Nemelex Xobeh.
    54 | D        | Killed a gargoyle
    57 | D        | Became a worshipper of Dithmenos the Shadowed
    75 | D        | Found a burning altar of Makhleb.
    75 | D        | Found a viscous altar of Jiyva.
    75 | D        | Found a shimmering altar of Xom.
    75 | D        | Found a corrupted altar of Lugonu.
    75 | D        | Noticed a slime creature
    78 | D        | Killed a slime creature
    78 | D        | Reached skill level 19 in Stealth
    78 | D        | Reached XP level 7. HP: 54/54 MP: 7/7
    98 | D        | Noticed a kobold demonologist
    99 | D        | Noticed a kobold demonologist
   100 | D        | Noticed a chaos spawn
   102 | D        | Noticed a hellwing
   105 | D        | Paralysed by a floating eye for 4 turns
   113 | D        | Paralysed by a floating eye for 3 turns
   119 | D        | Noticed an orange demon
   120 | D        | Reached * piety under Dithmenos
   120 | D        | Reached skill level 20 in Stealth
   132 | D        | Noticed an orange demon
   140 | D        | HP: 2/55 [orange demon[a kobold demonologist] (7)]
   141 | D        | Succumbed to an orange demon's poison

Skill      XL: |  1  2  3  4  5  6  7 |
---------------+----------------------+-----
Fighting       | 2 3 4 |  4.5
Short Blades   | 3 4 5 |  5.7
Throwing       | 2 3 4 |  4.2
Stealth        | 9 12 16 19 20 | 20.0
Armour         | |  0.2
Dodging        | |  1.8

Action                   |  1- 3 |  4- 6 |  7- 9 || total
-------------------------+-------+-------+-------++-------
Melee: Dagger            |     2 |     4 |    26 ||    32
       Bite              |       |       |     3 ||     3
  Use: Potion            |       |       |     2 ||     2
 Stab: Sleeping          |     2 |     4 |       ||     6
Armor: Leather armour    |       |       |     9 ||     9
Dodge: Dodged            |       |       |    23 ||    23
